 Dungeon Crawl Stone Soup version 0.18-a0-1797-gc18daef (webtiles) character file.

11216 khekkus the Fencer (level 11, 0/92 HPs)
             Began as a Minotaur Fighter on Apr 22, 2016.
             Was an Elder of Okawaru.
             Slain by a spiny frog (11 damage)
             ... on level 2 of the Lair of Beasts.
             The game lasted 00:43:53 (11250 turns).

khekkus the Fencer (Minotaur Fighter)              Turns: 11250, Time: 00:43:54

Health: 0/92       AC: 25    Str: 27    XL:     11   Next: 46%
Magic:  11/13      EV: 12    Int:  6    God:    Okawaru [****..]
Gold:   493        SH:  6    Dex: 11    Spells: 0 memorised, 10 levels left

rFire  . . .     SeeInvis .     a - +1 long sword
rCold  . . .     Gourm    .     e - +1 plate armour
rNeg   . . .     Faith    .     n - +0 buckler
rPois  .         Spirit   .     o - +2 hat
rElec  .         Dismiss  .     L - +0 cloak (curse)
rCorr  .         Reflect  .     I - +0 pair of gloves
SustAt .         Harm     .     v - +2 pair of boots
MR     .....                    A - amulet of rage
Stlth  ..........               (no ring)
                                (no ring)

@: mighty, lethally poisoned (0 -> -30), heroism, not resistant to hostile
enchantments, extremely unstealthy
A: retaliatory headbutt, horns 2
a: Heroism, Renounce Religion, Evoke Berserk Rage


You were on level 2 of the Lair of Beasts.
You worshipped Okawaru.
Okawaru was greatly pleased with you.
You were not hungry.

You visited 3 branches of the dungeon, and saw 12 of its levels.

You collected 658 gold pieces.
You spent 165 gold pieces at shops.

Inventory:

Hand Weapons
 a - a +1 long sword (weapon)
 s - a +0 whip of flaming
 z - a +0 long sword
Armour
 c - a +0 shield
 e - a +1 plate armour (worn)
 n - a +0 buckler (worn)
 o - a +2 hat (worn)
 v - a +2 pair of boots (worn)
 I - a +0 pair of gloves (worn)
 L - a cursed +0 cloak (worn)
Rods
 b - a +0 rod of ignition (12/12)
   (You found it on level 9 of the Dungeon)
Jewellery
 r - an uncursed ring of ice
 A - an amulet of rage (around neck)
Wands
 d - a wand of lightning (4/15)
 p - a wand of polymorph (6/24)
 q - a wand of disintegration (14/24)
 y - a wand of lightning (8/15)
 C - a wand of digging (14/24)
 D - a wand of disintegration (11/24)
 E - a wand of digging (17/24)
 M - a wand of confusion (5/48)
 N - a wand of paralysis (8/24)
 P - a wand of enslavement (16/24)
Scrolls
 i - 11 scrolls of remove curse
 j - 4 scrolls of fog
 l - 2 scrolls of magic mapping
 u - a scroll of blinking
 B - 2 scrolls of fear
 H - 2 scrolls of amnesia
 J - 3 scrolls of identify
Potions
 k - 2 potions of might
 m - a potion of brilliance
 t - 5 potions of curing
 w - a potion of magic
 F - 4 potions of flight
 G - 2 potions of heal wounds
 O - a potion of invisibility
 S - a potion of degeneration {unknown}
Books
 h - a book of Unlife

   Spells                             Type                      Level
   a - Recall                         Summoning/Translocation      3
   b - Animate Dead                   Necromancy                   4
   c - Control Undead                 Necromancy                   4
   d - Cigotuvi's Embrace             Necromancy                   5
   e - Death Channel                  Necromancy                   6
   f - Simulacrum                     Ice/Necromancy               6
 K - a book of Frost

   Spells                             Type                      Level
   a - Freeze                         Ice                          1
   b - Throw Frost                    Conjuration/Ice              2
   c - Ozocubu's Armour               Charms/Ice                   3
   d - Throw Icicle                   Conjuration/Ice              4
   e - Summon Ice Beast               Ice/Summoning                4
Comestibles
 f - 9 bread rations
 g - 5 meat rations
 R - a chunk of flesh


   Skills:
 + Level 7.2(12.2) Fighting
 + Level 15.5(20.5) Long Blades
 + Level 8.5(13.5) Armour
 - Level 6.1(11.1) Dodging
 - Level 4.3(9.3) Shields
 - Level 4.4 Invocations
 - Level 4.0 Evocations


You had 10 spell levels left.
You didn't know any spells.

Dungeon Overview and Level Annotations

Branches:
Dungeon (9/15)             Temple (1/1) D:5            Lair (2/8) D:9
    Orc (0/2) D:9

Altars:
Ashenzari
Cheibriados
Dithmenos
Elyvilon
Fedhas
Gozag
Kikubaaqudgha
Makhleb
Nemelex Xobeh
Okawaru
Pakellas
Qazlal
Ru
Sif Muna
Trog
Vehumet
Xom
Yredelemnul
Zin
The Shining One

Shops:
D:5 *!   D:6 =   D:8 [[

Annotations:
D:4 Sigmund


Innate Abilities, Weirdness & Mutations

You reflexively headbutt those who attack you in melee.
You have a pair of horns on your head.


Message History

You feel sick. The black mamba barely misses you.
The spiny frog stings you but does no damage.
The black mamba bites you!
* * * LOW HITPOINT WARNING * * *
You miss the black mamba.
The black mamba is moderately wounded.
* * * LOW HITPOINT WARNING * * *
You feel very sick. You block the black mamba's attack.
The spiny frog completely misses you. You furiously retaliate!
You headbutt the spiny frog! You slash the black mamba!
The black mamba is heavily wounded.
* * * LOW HITPOINT WARNING * * *
You feel sick. The black mamba barely misses you.
You hit the black mamba. You headbutt the black mamba!!
You kill the black mamba!
Okawaru is honoured by your kill.
* * * LOW HITPOINT WARNING * * *
You feel sick. The spiny frog stings you!
You die...

.##.... ### #... ###
.......##...#P.#..P(
...
...........>.....
... ................
... ..
............... ...
.... #.............
...
.....##.............
..
.....P..............
.
#P..........@.......
##.........F........
#..................
#....#.............
#P..................
.....#..............
......#...#######P.#
.........# ###


You could see a spiny frog.

Vanquished Creatures
  A fire dragon (Lair:1)
  2 death yaks (D:9)
  Pikel (D:6)
  A black mamba (Lair:2)
  A spiny frog (Lair:2)
  5 komodo dragons
  A spriggan (D:7)
  7 yaks
  The ghost of PeterLawrence the Cudgeler, an amateur MiFi (D:4)
  A wyvern (D:8)
  A hungry ghost (D:8)
  4 hippogriffs
  2 wargs (D:9)
  6 water moccasins
  4 porcupines (Lair:1)
  A slave (D:6)
  2 orc warriors
  3 sky beasts
  3 ogres
  2 phantoms
  3 centaurs
  3 crocodiles (Lair:1)
  4 giant frogs
  A gnoll sergeant (D:9)
  3 scorpions
  A water moccasin skeleton (D:8)
  3 killer bees (D:8)
  2 howler monkeys (D:7)
  4 crimson imps
  A giant frog zombie (D:8)
  3 jellies
  A giant frog skeleton (D:9)
  4 orc priests
  4 hounds
  2 centaur skeletons
  4 iguanas
  Natasha (twice) (D:2)
  6 orc wizards
  6 worker ants
  A killer bee zombie (D:7)
  A sheep (D:9)
  A hound zombie (D:6)
  12 adders
  4 gnolls (D:9)
  13 river rats (Lair:1)
  2 shadow imps
  An ooze (D:4)
  An adder zombie (D:6)
  2 adder skeletons
  5 worms
  3 dart slugs
  3 giant geckos
  27 orcs
  2 ball pythons
  6 giant cockroaches
  9 goblins
  A hobgoblin (D:1)
  13 jackals
  2 quokkas (D:8)
  A ball python skeleton (D:4)
  7 bats
  A giant gecko skeleton (D:5)
  A giant gecko zombie (D:5)
  5 giant newts
  7 kobolds
  8 rats
245 creatures vanquished.

Notes
Turn   | Place    | Note
--------------------------------------------------------------
     0 | D:1      | khekkus the Minotaur Fighter began the quest for the Orb.
     0 | D:1      | Reached XP level 1. HP: 19/19 MP: 0/0
   142 | D:1      | Reached skill level 3 in Long Blades
   167 | D:1      | Reached XP level 2. HP: 26/26 MP: 1/1
   509 | D:1      | Reached skill level 4 in Long Blades
   799 | D:2      | Noticed Natasha
   806 | D:2      | Killed Natasha
   806 | D:2      | Reached XP level 3. HP: 18/31 MP: 2/2
   965 | D:2      | Reached skill level 5 in Long Blades
  1116 | D:2      | Noticed Natasha
  1123 | D:2      | Killed Natasha
  1123 | D:2      | Reached XP level 4. HP: 33/39 MP: 3/3
  1631 | D:2      | Reached skill level 6 in Long Blades
  1631 | D:2      | Reached XP level 5. HP: 42/45 MP: 4/4
  1936 | D:2      | Found a white marble altar of Elyvilon.
  2618 | D:3      | Found a bloodstained altar of Trog.
  2675 | D:4      | Reached skill level 7 in Long Blades
  2683 | D:4      | Reached XP level 6. HP: 48/51 MP: 5/5
  2809 | D:4      | Noticed PeterLawrence's ghost (amateur MiFi)
  2815 | D:4      | Killed PeterLawrence's ghost
  2815 | D:4      | Reached skill level 8 in Long Blades
  2966 | D:4      | Noticed Sigmund
  2998 | D:5      | Entered Level 5 of the Dungeon
  2998 | D:5      | Found a staircase to the Ecumenical Temple.
  3000 | D:5      | Found a snail-covered altar of Cheibriados.
  3007 | D:5      | Reached XP level 7. HP: 56/60 MP: 6/6
  3103 | D:5      | Found Koeblaol's Assorted Antiques.
  3113 | D:5      | Bought a scroll labeled REFASHRO AFERATS for 26 gold pieces
  3113 | D:5      | Bought a runed hat for 104 gold pieces
  3155 | D:5      | Reached skill level 5 in Fighting
  3192 | D:5      | Reached skill level 9 in Long Blades
  3241 | D:5      | Found Epay's Distillery.
  3254 | D:5      | Bought a potion of mutation for 35 gold pieces
  4178 | D:6      | Found Kykim's Jewellery Boutique.
  4239 | D:6      | Noticed Pikel
  4263 | D:6      | Killed Pikel
  4263 | D:6      | Reached skill level 10 in Long Blades
  4263 | D:6      | Reached skill level 5 in Armour
  4263 | D:6      | Reached XP level 8. HP: 61/68 MP: 7/7
  4383 | D:6      | Reached skill level 11 in Long Blades
  5532 | D:7      | Found a glowing golden altar of the Shining One.
  5631 | Temple   | Entered the Ecumenical Temple
  5990 | D:7      | Reached skill level 12 in Long Blades
  5990 | D:7      | Reached XP level 9. HP: 74/74 MP: 8/8
  6330 | D:8      | Reached skill level 1 in Evocations
  6463 | D:8      | Found an oddly glowing altar of Pakellas.
  6582 | D:8      | Found a deep blue altar of Sif Muna.
  6582 | D:8      | Found an iron altar of Okawaru.
  6583 | D:8      | Found a shimmering altar of Xom.
  6589 | D:8      | Became a worshipper of Warmaster Okawaru
  6733 | D:8      | Found Ilangaar's Armour Emporium.
  6776 | D:8      | Reached skill level 13 in Long Blades
  7108 | D:8      | Found Viphenei's Armour Shoppe.
  7717 | D:8      | Reached * piety under Okawaru
  7754 | D:9      | Reached skill level 1 in Dodging
  7953 | D:8      | Reached XP level 10. HP: 43/81 MP: 12/12
  7973 | D:8      | Reached ** piety under Okawaru
  8162 | D:9      | Found a staircase to the Orcish Mines.
  8498 | D:9      | Found a staircase to the Lair.
  8499 | D:9      | Noticed a death yak
  8500 | D:9      | Noticed a death yak
  8518 | D:9      | Killed a death yak
  8518 | D:9      | Reached skill level 14 in Long Blades
  8527 | D:9      | Killed a death yak
  8542 | D:9      | Reached *** piety under Okawaru
  8618 | D:9      | Identified a +0 rod of ignition (12/12) (You found it on level 9 of the Dungeon)
  9037 | Lair:1   | Entered Level 1 of the Lair of Beasts
  9044 | Lair:1   | Reached skill level 5 in Dodging
  9064 | Lair:1   | Received a gift from Okawaru
  9092 | Lair:1   | Reached skill level 1 in Invocations
  9700 | Lair:1   | Noticed a fire dragon
  9716 | Lair:1   | Killed a fire dragon
  9716 | Lair:1   | Reached skill level 15 in Long Blades
  9716 | Lair:1   | Reached XP level 11. HP: 23/89 MP: 10/13
 10104 | Lair:2   | Reached **** piety under Okawaru
 11250 | Lair:2   | Slain by a spiny frog

Vault maps used:
D:1:      minmay_arrival_plants_in_alcoves
D:2:      lemuel_coloured_pillars_altar, kennysheep_generic_room_4, uniq_natasha
D:3:      marbit_many_paths
D:4:      first_bread, nicolae_ru_the_path_less_chosen, uniq_grinder,
          uniq_crazy_yiuf_cottage, uniq_sigmund, uniq_robin
D:5:      cheibriados_altar_1, minmay_temple_entry_butterflies, serial_shops,
          shop, shop, nrook_loot_triangle
D:6:      serial_shops, nicolae_shop_behind_doors, kennysheep_generic_room_6,
          uniq_pikel
D:7:      tso_altar, the_bakery
D:8:      kennysheep_mini_moat, gammafunk_temple_overflow_forgotten,
          serial_shops, shop, kennysheep_little_box
D:9:      dpeg_lair_monsters, david_orc_3
Temple:   eino_temple_water_12
Lair:1:   dragon1_lemuel, minivault_19, beast_lair_carwin_6
Lair:2:   serial_bayou_shore_b, uniq_fannar

Skill      XL: |  1  2  3  4  5  6  7  8  9 10 11 |
---------------+----------------------------------+-----
Long Blades    | 3 4 5 6 7 8 10 12 13 15 | 15.5
Shields        | 4 |  4.3
Fighting       | 4 5 7 |  7.2
Armour         | 5 6 7 8 |  8.5
Evocations     | 4 |  4.0
Dodging        | 2 6 |  6.1
Invocations    | 4 |  4.4

Action                   |  1- 3 |  4- 6 |  7- 9 | 10-12 || total
-------------------------+-------+-------+-------+-------++-------
Melee: Long sword        |    74 |   108 |   406 |   317 ||   905
       Headbutt          |     9 |    13 |    59 |    71 ||   152
Invok: Heroism           |       |       |       |     2 ||     2
 Abil: Evoke Berserk Rag |       |       |       |     1 ||     1
Evoke: Rod               |       |       |       |     8 ||     8
       Wand              |       |       |       |     8 ||     8
  Use: Scroll            |       |     9 |     6 |     3 ||    18
       Potion            |       |     2 |    11 |     1 ||    14
  Eat: Chunk             |     1 |     6 |    15 |     9 ||    31
       Royal jelly       |       |       |     1 |       ||     1
       Beef jerky        |       |       |       |     1 ||     1
       Meat ration       |       |       |       |     1 ||     1
Armor: Scale mail        |    29 |    44 |    31 |       ||   104
       Chain mail        |       |       |   186 |     5 ||   191
       Plate armour      |       |       |       |   127 ||   127
Dodge: Dodged            |    32 |    44 |   118 |   113 ||   307
Block: Shield            |    17 |       |       |       ||    17
       Buckler           |     3 |    27 |    81 |    65 ||   176
